 Dungeon Crawl Stone Soup version 0.20.1-1-g8b1a95d (webtiles) character file.

10183 Inarius the Black Sun (level 11, -6/92 HPs)
             Began as a Hill Orc Necromancer on July 4, 2017.
             Was a High Priest of Kikubaaqudgha.
             Mangled by Snorg (20 damage)
             ... on level 12 of the Dungeon.
             The game lasted 01:22:18 (15899 turns).

Inarius the Black Sun (Hill Orc Necromancer)       Turns: 15899, Time: 01:22:19

Health: -6/92      AC: 12    Str: 12    XL:     11   Next: 58%
Magic:  21/21      EV:  9    Int: 18    God:    Kikubaaqudgha [*****.]
Gold:   131        SH:  8    Dex: 11    Spells: 3/24 levels left

rFire    + . .     SeeInvis .   C - +5 spear (vamp)
rCold    . . .     Gourm    .   I - +0 shield
rNeg     . . .     Faith    .   t - +2 ring mail {rF+}
rPois    .         Spirit   .   y - +0 helmet
rElec    .         Reflect  .   j - +1 cloak {+Inv}
rCorr    .         Harm     .   Q - +0 pair of gloves
MR       .....                  (no boots)
Stlth    +.........             (no amulet)
Regen    0.3/turn               P - ring of wizardry
MPRegen  0.2/turn               f - +4 ring of slaying

@: no status effects
A: no striking features
a: Receive Corpses, Torment, Renounce Religion, Evoke Invisibility


You were on level 12 of the Dungeon.
You worshipped Kikubaaqudgha.
Kikubaaqudgha was extremely pleased with you.
You were not hungry.

You visited 2 branches of the dungeon, and saw 14 of its levels.

You collected 267 gold pieces.
You spent 136 gold pieces at shops.

Inventory:

Hand Weapons
 k - a +3 long sword
 C - a +5 vampiric spear (weapon)
Armour
 j - a +1 cloak of invisibility (worn)
 t - a +2 ring mail of fire resistance (worn)
 y - a +0 helmet (worn)
 H - a +0 large shield
 I - a +0 shield (worn)
 Q - a +0 pair of gloves (worn)
Jewellery
 f - a +4 ring of slaying (right hand)
 B - an uncursed ring of ice
 D - an uncursed ring of protection from cold
 K - an uncursed ring of fire
 L - an uncursed ring of fire
 P - a ring of wizardry (left hand)
Wands
 p - a wand of paralysis (10/24)
 v - a wand of lightning (5/15)
 G - a wand of confusion (15/48)
 S - a wand of disintegration (7/24)
Scrolls
 l - 2 scrolls of fog
 s - a scroll of amnesia
 x - 5 scrolls of remove curse
Potions
 a - a potion of invisibility
 d - 2 potions of agility
 e - a potion of brilliance
 i - 4 potions of lignification
 m - 3 potions of resistance
 o - 4 potions of curing {unknown}
 q - a potion of magic
 A - 4 potions of might
 F - 4 potions of flight {unknown}
Books
 b - a book of Necromancy

   Spells                             Type                      Level
   a - Pain                           Necromancy                   1
   b - Animate Skeleton               Necromancy                   1
   c - Vampiric Draining              Necromancy                   3
   d - Regeneration                   Charms/Necromancy            3
   e - Animate Dead                   Necromancy                   4
   f - Control Undead                 Necromancy                   4
 E - a book of Maledictions

   Spells                             Type                      Level
   a - Corona                         Hexes                        1
   b - Ensorcelled Hibernation        Hexes/Ice                    2
   c - Confuse                        Hexes                        3
   d - Tukima's Dance                 Hexes                        3
   e - Dazzling Spray                 Conjuration/Hexes            3
 M - Kikubaaqudgha's Grimoire of Darkness
   (Kikubaaqudgha gifted it to you on level 5 of the Dungeon)

   Spells                             Type                      Level
   a - Pain                           Necromancy                   1
   b - Corpse Rot                     Necromancy                   2
   c - Sublimation of Blood           Necromancy                   2
   d - Regeneration                   Charms/Necromancy            3
   e - Control Undead                 Necromancy                   4
 O - Kikubaaqudgha's Catalogue of Sinister Magic
   (Kikubaaqudgha gifted it to you on level 8 of the Dungeon)

   Spells                             Type                      Level
   a - Excruciating Wounds            Charms/Necromancy            5
   b - Cigotuvi's Embrace             Necromancy                   5
   c - Dispel Undead                  Necromancy                   5
   d - Simulacrum                     Ice/Necromancy               6
   e - Death Channel                  Necromancy                   6
 V - a book of Callings

   Spells                             Type                      Level
   a - Summon Small Mammal            Summoning                    1
   b - Call Imp                       Summoning                    2
   c - Call Canine Familiar           Summoning                    3
   d - Summon Guardian Golem          Hexes/Summoning              3
   e - Summon Lightning Spire         Summoning/Air                4
   f - Summon Ice Beast               Ice/Summoning                4
Miscellaneous
 R - a crystal ball of energy
Comestibles
 g - 8 royal jellies
 h - 27 fruits
 n - 6 meat rations


   Skills:
 * Level 7.1 Fighting
 + Level 3.2 Polearms
 - Level 5.0 Armour
 + Level 3.0 Dodging
 - Level 1.5 Stealth
 - Level 4.2 Shields
 - Level 7.0 Spellcasting
 + Level 2.9 Charms
 + Level 11.8 Necromancy
 + Level 2.1 Evocations


You had 3 spell levels left.
You knew the following spells:

 Your Spells              Type           Power        Failure   Level  Hunger
a - Pain                  Necr           ####         1%          1    None
b - Animate Skeleton      Necr           N/A          1%          1    None
c - Regeneration          Chrm/Necr      ####......   5%          3    ##.....
d - Control Undead        Necr           #####.....   2%          4    ####...
e - Animate Dead          Necr           N/A          2%          4    ####...
f - Vampiric Draining     Necr           #####.....   1%          3    ##.....
g - Dispel Undead         Necr           #####...     8%          5    #####..


Dungeon Overview and Level Annotations

Branches:
Dungeon (13/15)            Temple (1/1) D:4             Orc (0/2) D:9
   Lair: D:8-11      Vaults: D:13-14

Altars:
Ashenzari
Cheibriados
Dithmenos
Elyvilon
Fedhas
Gozag
Hepliaklqana
Kikubaaqudgha
Makhleb
Nemelex Xobeh
Okawaru
Qazlal
Ru
Sif Muna
Trog
Uskayaw
Vehumet
Xom
Yredelemnul
Zin
The Shining One
Beogh

Shops:
D:5 !   D:12 !

Annotations:
D:8 Maurice
D:11 Fannar, Grum
D:12 Snorg


Message History

The porcupine twitches its whiskers.
Found 19 gold pieces.
Snorg misses you. Snorg claws you but does no damage. Snorg closely misses you.
Snorg rages.
Found a chain mail.
Snorg barely misses you. Snorg claws you but does no damage. x2
The bullfrog snags a nearby moth with its tongue.
Snorg rages.
You block Snorg's attack. Snorg claws you! x2
* * * LOW HITPOINT WARNING * * *
You feel much better. Snorg bites you! You block Snorg's attack.
Snorg claws you!
* * * LOW HITPOINT WARNING * * *
Snorg bites you.
* * * LOW HITPOINT WARNING * * *
You block Snorg's attack. Snorg claws you but does no damage.
Snorg rages.
Snorg bites you!!
You die...
Kikubaaqudgha rasps: "You have failed me!
Welcome... death!"

#.# ##.#
######..#
.[......#
........##
....$....###
#....(.....##
###..####..r###
### ##FT@.#
#####..# ##


You could see Snorg (berserk), a bullfrog and a porcupine.

Vanquished Creatures
  Erica (D:8)
  2 two-headed ogres (D:9)
  Psyche (D:8)
  A troll (D:9)
  Prince Ribbit (D:8)
  A hippogriff (D:9)
  2 dream sheep (D:9)
  2 yaks (D:9)
  Menkaure (D:7)
  A hungry ghost (D:10)
  A water moccasin (D:7)
  4 orc warriors
  A phantom (D:8)
  A black bear (D:11)
  2 wolves (D:10)
  A necrophage (D:7)
  4 ogres
  3 centaurs
  7 big kobolds
  2 bullfrogs (D:6)
  A gnoll sergeant (D:4)
  3 scorpions
  9 wights
  A crimson imp (D:5)
  2 howler monkeys
  6 hounds
  2 orc priests (D:4)
  A centaur skeleton (D:10)
  A gnoll shaman (D:6)
  3 iguanas
  9 orc wizards
  6 worker ants
  5 gnolls
  7 adders
  An adder skeleton (D:8)
  An adder zombie (D:6)
  5 worms
  2 dart slugs
  7 leopard geckos
  38 orcs
  6 bats
  4 giant cockroaches
  6 goblins
  7 hobgoblins
  3 jackals (D:1)
  41 kobolds
  3 quokkas
  4 ball pythons
  5 frilled lizards
  A leopard gecko skeleton (D:7)
  4 rats
233 creatures vanquished.

Vanquished Creatures (collateral kills)
  A hydra (D:9)
  Harold (D:10)
  A two-headed ogre (D:9)
  The ghost of Quirk the Cleaver, a novice MiCK of Xom (D:8)
  A centaur skeleton (D:10)
  A troll (D:10)
  Grinder (D:5)
  A wyvern (D:9)
  A phantom (D:7)
  An eye of draining (D:9)
  An ice beast (D:5)
  3 ogres
  2 centaurs
  5 big kobolds
  A bullfrog (D:6)
  2 scorpions
  A water moccasin skeleton (D:9)
  11 wights
  A crimson imp (D:6)
  A hound (D:6)
  A jelly (D:8)
  An orc priest (D:10)
  An orc wizard (D:8)
  An iguana (D:6)
  Terence (D:2)
  A worker ant (D:4)
  A worker ant zombie (D:9)
  4 adders
  4 gnolls
  An ooze (D:2)
  2 worms (D:2)
  2 leopard geckos
  13 orcs
  A ball python (D:1)
  A giant cockroach (D:8)
  2 goblins (D:1)
  A hobgoblin (D:5)
  18 kobolds
  A leopard gecko skeleton (D:4)
  A rat (D:2)
96 creatures vanquished.

Vanquished Creatures (others)
  An orc wizard (D:8)
  An adder skeleton (D:8)
  A bat (D:1)
  3 fungi (D:11)
  A plant (D:11)
7 creatures vanquished.

Grand Total: 336 creatures vanquished

Notes
Turn   | Place    | Note
-------+----------+-------------------------------------------
     0 | D:1      | Inarius the Hill Orc Necromancer began the quest for the Orb.
     0 | D:1      | Reached XP level 1. HP: 14/14 MP: 3/3
    38 | D:1      | Learned a level 1 spell: Animate Skeleton
   343 | D:1      | Reached XP level 2. HP: 22/22 MP: 2/4
   931 | D:1      | Reached skill level 1 in Fighting
  1451 | D:2      | Reached XP level 3. HP: 28/28 MP: 3/5
  1456 | D:2      | Learned a level 3 spell: Regeneration
  1459 | D:2      | Noticed Terence
  1493 | D:1      | Reached skill level 1 in Armour
  1909 | D:2      | Killed Terence
  1909 | D:2      | Reached XP level 4. HP: 19/35 MP: 1/7
  2433 | D:2      | Found a burning altar of Makhleb.
  2439 | D:2      | Reached XP level 5. HP: 38/41 MP: 2/8
  2662 | D:2      | Learned a level 4 spell: Control Undead
  3129 | D:3      | Found a shimmering altar of Xom.
  3180 | D:3      | Found a snail-covered altar of Cheibriados.
  3380 | D:3      | Reached skill level 5 in Necromancy
  3800 | D:4      | Reached XP level 6. HP: 32/50 MP: 4/10
  3984 | D:4      | Found a staircase to the Ecumenical Temple.
  3994 | Temple   | Entered the Ecumenical Temple
  4610 | D:4      | Found a shadowy altar of Dithmenos.
  4995 | D:4      | Reached skill level 1 in Charms
  5366 | D:4      | Reached XP level 7. HP: 42/56 MP: 6/11
  5479 | D:4      | Found an ancient bone altar of Kikubaaqudgha.
  5503 | D:4      | Became a worshipper of Kikubaaqudgha
  5734 | D:5      | Entered Level 5 of the Dungeon
  5798 | D:5      | Found a blossoming altar of Fedhas.
  5803 | D:5      | Found a shattered altar of Ashenzari.
  5806 | D:5      | Found a sparkling altar of Nemelex Xobeh.
  6176 | D:5      | Reached skill level 6 in Necromancy
  6295 | D:5      | Learned a level 4 spell: Animate Dead
  6375 | D:5      | Found Xocoir's Distillery.
  6380 | D:5      | Bought a potion of heal wounds for 70 gold pieces
  6485 | D:5      | Found a glowing golden altar of the Shining One.
  6818 | D:4      | Reached XP level 8. HP: 34/63 MP: 5/13
  6989 | D:5      | Reached * piety under Kikubaaqudgha
  6989 | D:5      | Identified Kikubaaqudgha's Grimoire of Darkness (Kikubaaqudgha gifted it to you on level 5 of the Dungeon)
  6989 | D:5      | Received a gift from Kikubaaqudgha
  7021 | D:5      | Noticed Grinder
  7073 | D:5      | Paralysed by Grinder for 6 turns
  7081 | D:5      | Paralysed by Grinder for 7 turns
  7086 | D:5      | Killed Grinder
  7086 | D:5      | Reached skill level 1 in Shields
  7086 | D:5      | Reached skill level 7 in Necromancy
  7327 | D:5      | Reached skill level 1 in Evocations
  7414 | D:5      | Reached ** piety under Kikubaaqudgha
  8344 | D:6      | Reached XP level 9. HP: 66/70 MP: 16/16
  8922 | D:7      | Reached skill level 5 in Spellcasting
  8923 | D:7      | Found a transporter.
  8961 | D:7      | Reached skill level 8 in Necromancy
  9173 | D:7      | Noticed Menkaure
  9490 | D:7      | Killed Menkaure
  9952 | D:7      | Learned a level 3 spell: Vampiric Draining
 10379 | D:7      | Found a radiant altar of Vehumet.
 10441 | D:7      | Found a roughly hewn altar of Beogh.
 10700 | D:7      | Reached skill level 9 in Necromancy
 10830 | D:8      | Noticed Quirk's ghost (novice MiCK)
 10876 | D:7      | Noticed a cyclops
 11447 | D:8      | Noticed Erica
 11482 | D:8      | Killed Erica
 11482 | D:8      | Reached XP level 10. HP: 23/78 MP: 0/19
 11691 | D:8      | Reached *** piety under Kikubaaqudgha
 11691 | D:8      | Identified Kikubaaqudgha's Catalogue of Sinister Magic (Kikubaaqudgha gifted it to you on level 8 of the Dungeon)
 11691 | D:8      | Received a gift from Kikubaaqudgha
 11823 | D:8      | Learned a level 5 spell: Dispel Undead
 12002 | D:8      | Noticed Prince Ribbit
 12038 | D:8      | Killed Prince Ribbit
 12120 | D:8      | Noticed Maurice
 12124 | D:8      | Noticed Psyche
 12142 | D:8      | Paralysed by something for 6 turns
 12150 | D:8      | Killed Psyche
 12177 | D:8      | Paralysed by something for 3 turns
 12604 | D:8      | Reached skill level 10 in Necromancy
 12614 | D:8      | Killed Quirk's ghost
 12614 | D:8      | Reached skill level 5 in Armour
 12938 | D:9      | Found a staircase to the Orcish Mines.
 13068 | D:9      | Noticed a two-headed ogre
 13078 | D:9      | Killed a two-headed ogre
 13139 | D:9      | Noticed a two-headed ogre
 13151 | D:9      | Killed a two-headed ogre
 13151 | D:9      | Reached skill level 5 in Fighting
 13388 | D:9      | Reached XP level 11. HP: 70/89 MP: 15/21
 13489 | D:9      | Noticed a two-headed ogre
 13504 | D:9      | Killed a two-headed ogre
 13504 | D:9      | Reached skill level 11 in Necromancy
 13699 | D:9      | Reached **** piety under Kikubaaqudgha
 13699 | D:9      | Reached skill level 1 in Polearms
 13742 | D:9      | Noticed a two-headed hydra
 13755 | D:9      | Killed a two-headed hydra
 14309 | D:10     | Entered Level 10 of the Dungeon
 14580 | D:10     | Reached ***** piety under Kikubaaqudgha
 15009 | D:10     | Noticed Harold
 15026 | D:10     | Killed Harold
 15458 | D:11     | Noticed Fannar
 15458 | D:11     | Noticed Grum
 15581 | D:11     | Noticed Snorg
 15590 | D:11     | You fall through a shaft for 2 floors!
 15848 | D:13     | Noticed a two-headed ogre
 15851 | D:12     | Found Ficvyvezorgh's Distillery.
 15862 | D:12     | Bought a potion of degeneration for 11 gold pieces
 15867 | D:12     | Bought a potion of heal wounds for 55 gold pieces
 15871 | D:11     | Noticed a brown ugly thing
 15899 | D:12     | Mangled by Snorg

Skill      XL: |  1  2  3  4  5  6  7  8  9 10 11 |
---------------+----------------------------------+-----
Fighting       | 1 2 3 5 7 |  7.1
Armour         | 1 2 3 4 5 |  5.0
Spellcasting   | 2 3 4 6 7 |  7.0
Necromancy     | 5 6 7 9 10 11 | 11.8
Charms         | 1 2 |  2.9
Shields        | 2 4 |  4.2
Evocations     | 2 |  2.1
Dodging        | 2 3 |  3.0
Polearms       | 3 |  3.2
Stealth        | |  1.5

Action                   |  1- 3 |  4- 6 |  7- 9 | 10-12 || total
-------------------------+-------+-------+-------+-------++-------
Melee: Spear             |    65 |   137 |   500 |   260 ||   962
 Cast: Animate Skeleton  |     9 |    23 |    52 |    17 ||   101
       Pain              |    25 |    89 |   179 |    95 ||   388
       Regeneration      |     1 |     3 |    18 |     9 ||    31
       Animate Dead      |       |       |    10 |    24 ||    34
       Control Undead    |       |       |    17 |    21 ||    38
       Vampiric Draining |       |       |     8 |    23 ||    31
       Dispel Undead     |       |       |       |     2 ||     2
Invok: Receive Corpses   |       |       |     1 |       ||     1
Evoke: Wand              |       |     1 |     1 |     1 ||     3
  Use: Scroll            |       |     1 |    13 |    15 ||    29
       Potion            |       |       |     7 |     3 ||    10
 Stab: Sleeping          |     1 |       |       |       ||     1
       Paralysed         |       |     4 |     7 |       ||    11
       Distracted        |       |       |     1 |       ||     1
       Invisible         |       |       |     2 |       ||     2
  Eat: Chunk             |     4 |     8 |    16 |    15 ||    43
       Bread ration      |       |     2 |     4 |     2 ||     8
       Meat ration       |       |       |       |     1 ||     1
Armor: Leather armour    |    21 |     2 |       |       ||    23
       Ring mail         |       |    37 |   274 |   145 ||   456
Dodge: Dodged            |    66 |    75 |   308 |   117 ||   566
Block: Shield            |       |       |   155 |   130 ||   285
